 Dungeon Crawl Stone Soup version bcrawl-1.17.1 (webtiles) character file.

Game seed: 9175474015069320099

1806 Gottschkopf the Grappler (level 8, -1/59 HPs)
             Began as a Purple Draconian Transmuter on Oct 11, 2019.
             Was a Follower of Cheibriados.
             Slain by an orc warrior
             ... wielding a +0 vampiric short sword
              (7 damage)
             ... on level 6 of the Dungeon on Oct 14, 2019.
             The game lasted 01:04:49 (5238 turns).

Gottschkopf the Grappler (DrTm)                     Turns: 5238, Time: 01:04:49

Health: -1/59      AC:  6    Str: 16    XL:     8   Next: 84%
Magic:  8/11       EV: 15    Int: 18    God:    Cheibriados [*.....]
Gold:   300        SH:  0    Dex: 15    Spells: 0/12 levels left

rFire    . . .     SeeInvis .     - Unarmed
rCold    . . .     Gourm    .   (no shield)
rNeg     . . .     Faith    .   (armour unavailable)
rPois    .         Spirit   .   (helmet restricted)
rElec    .         Reflect  .   (no cloak)
rCorr    .         Harm     .   (no gloves)
MR       ++...                  (no boots)
Stlth    +.........             c - amulet of regeneration
HPRegen  0.59/turn              i - ring of wizardry
MPRegen  0.12/turn              p - ring of protection from magic

@: appendage (expiring), very slow
A: breathe power, unfitting armour, horns 2, cold-blooded, AC +6
a: Breathe Dispelling Energy, End Transformation, Bend Time, Renounce Religion


You were on level 6 of the Dungeon.
You worshipped Cheibriados.
Cheibriados was aware of your devotion.
You were hungry.
You had grown temporary horns.
You visited 2 branches of the dungeon, and saw 7 of its levels.

You collected 300 gold pieces.

Inventory:

Missiles
 a - 716 arrows
Jewellery
 c - an amulet of regeneration (around neck)
 h - an uncursed ring of protection from fire
 i - a ring of wizardry (left hand)
 k - a +4 ring of strength
 p - a ring of protection from magic (right hand)
Scrolls
 b - 2 scrolls of magic mapping {unknown}
 f - 3 scrolls of remove curse
 g - 2 scrolls of teleportation
 j - 2 scrolls of identify {unknown}
 l - a scroll of blinking {unknown}
 n - a scroll of enchant weapon {unknown}
 o - a scroll of enchant armour {unknown}
Potions
 e - a potion of brilliance
 m - a potion of might {unknown}
 q - a potion of curing {unknown}
 r - a potion of ambrosia
Comestibles
 d - 13 rations {!d}


   Skills:
 - Level 1.1 Fighting
 - Level 5.3 Dodging
 - Level 0.2 Stealth
 - Level 10.0 Unarmed Combat
 - Level 2.5 Spellcasting
 + Level 3.4 Transmutations


You couldn't memorise any spells.
You knew the following spells:

 Your Spells              Type           Power        Failure   Level  Hunger
a - Beastly Appendage     Tmut           ##....       1%          1    #......
b - Sticks to Snakes      Tmut           ##......     2%          2    ##.....
c - Spider Form           Tmut/Pois      #..          11%         3    ###....
d - Slow                  Hex            #.......     7%          1    #......
e - Blade Hands           Tmut           ##........   41%         5    ######.

Your spell library contained the following spells:

 Spells                   Type           Power        Failure   Level  Hunger
 Apportation              Tloc           #.....       7%          1    #......
 Infusion                 Chrm           #.......     7%          1    #......
 Sandblast                Erth           #.....       7%          1    #......
 Summon Butterflies       Summ           #.......     7%          1    #......
 Ice Form                 Ice/Tmut       #.......     32%         4    #####..


Dungeon Overview and Level Annotations

Branches:
Dungeon (6/12)             Temple (1/1) D:5

Altars:
Ashenzari
Cheibriados
Fedhas
Gozag
Hepliaklqana
Nemelex Xobeh
Okawaru
Qazlal
Ru
Trog
Vehumet
Wu Jian
Xom
Yredelemnul
Zin
The Shining One

Annotations:
D:5 2 transporters, Ananasrisotto's ghost, amateur OpFE


Innate Abilities, Weirdness & Mutations

You can breathe bolts of dispelling energy.
Your rich purple scales are hard. (AC +6)
You cannot fit into any form of body armour.
You are cold-blooded and may be slowed by cold attacks.
You have a pair of horns on your head.


Message History

Cheibriados rebukes the orc.
The orc seems to slow down.
Cheibriados rebukes the orc.
The orc seems to slow down.
You feel slightly more hungry.
The orc priest invokes the aid of Beogh against you.
Beogh smites you! The orc hits you with a +0 short sword!
* * * LOW HITPOINT WARNING * * *
You are feeling hungry.
The orc barely misses you.
The orc warrior hits you with a +0 vampiric short sword!
* * * LOW HITPOINT WARNING * * *
You punch the orc warrior!
You headbutt the orc warrior, but do no damage.
The orc warrior is moderately wounded.
The orc hits you but does no damage.
You barely miss the orc warrior.
You tail-slap the orc warrior, but do no damage.
The orc warrior is moderately wounded.
The orc warrior hits you with a +0 vampiric short sword!
You die...

.........# ##....##
#..#... .......###
#......###..##..
...>.###
##.......#..###. .###.#
#..........# ## # #.
### #..........# .#
####.. #.>........#
##.....## ##.........#
........#####.........#
.......oo@†...........#
......)oo###...........
.........#
###..........
.........# ......#
.......... #....##
..........# #...#
..........# ...#
..........# ###
..........#


You could see an orc warrior, an orc priest and 2 orcs.

Vanquished Creatures
  A hungry ghost (D:5)
  Duvessa (D:5)
  8 ogres
  2 phantoms
  A bullfrog (D:6)
  Dowan (D:5)
  A crimson imp (D:5)
  A jelly (D:5)
  3 orc priests
  9 orc wizards
  A worker ant (D:4)
  7 adders
  2 oozes
  4 worms
  4 dart slugs
  A leopard gecko (D:2)
  31 orcs
  4 bats
  3 giant cockroaches
  5 goblins
  4 hobgoblins (D:3)
  8 jackals
  3 quokkas
  A ball python (D:1)
  2 frilled lizards
  6 kobolds
  3 rats (D:1)
117 creatures vanquished.

Vanquished Creatures (others)
  11 plants (D:5)
11 creatures vanquished.

Grand Total: 128 creatures vanquished

Notes
Turn   | Place    | Note
-------+----------+-------------------------------------------
     0 | D:1      | Gottschkopf the Draconian Transmuter began the quest for
                  | the Orb.
     0 | D:1      | Reached XP level 1. HP: 16/16 MP: 3/3
   206 | D:1      | Reached XP level 2. HP: 20/23 MP: 5/5
   670 | D:1      | Learned a level 2 spell: Sticks to Snakes
   813 | D:2      | Reached XP level 3. HP: 27/28 MP: 4/6
   836 | D:2      | Learned a level 3 spell: Spider Form
   932 | D:2      | Reached skill level 4 in Unarmed Combat
   970 | D:2      | Reached XP level 4. HP: 32/35 MP: 2/7
  1045 | D:2      | Found a bloodstained altar of Trog.
  1542 | D:3      | Reached skill level 5 in Unarmed Combat
  1682 | D:3      | Found an ornate altar of the Wu Jian Council.
  1692 | D:3      | Reached XP level 5. HP: 27/40 MP: 4/8
  2003 | D:3      | Found a stormy altar of Qazlal.
  2221 | D:3      | Found an iron altar of Okawaru.
  2597 | D:3      | Reached skill level 6 in Unarmed Combat
  2722 | D:4      | Learned a level 1 spell: Slow
  2834 | D:4      | Noticed an ogre
  2850 | D:4      | Killed an ogre
  2850 | D:4      | Reached XP level 6. HP: 22/47 MP: 9/9
  2957 | D:4      | Reached skill level 7 in Unarmed Combat
  3193 | D:4      | Your scales start taking on a rich purple colour.
  3193 | D:4      | Reached XP level 7. HP: 52/52 MP: 0/10
  3406 | D:4      | Reached skill level 8 in Unarmed Combat
  3699 | D:5      | Entered Level 5 of the Dungeon
  3724 | D:5      | Found a staircase to the Ecumenical Temple.
  3726 | D:5      | Noticed Duvessa
  3727 | D:5      | Noticed a hungry ghost
  3848 | D:5      | Killed Duvessa
  3855 | D:5      | Reached skill level 9 in Unarmed Combat
  3867 | D:5      | Noticed Dowan
  3873 | D:5      | Killed Dowan
  3902 | Temple   | Entered the Ecumenical Temple
  3911 | Temple   | Became a worshipper of Cheibriados the Contemplative
  3948 | D:5      | Killed a hungry ghost
  3948 | D:5      | Reached XP level 8. HP: 54/59 MP: 6/11
  4057 | D:5      | Found a transporter.
  4057 | D:5      | Noticed Ananasrisotto's ghost (amateur OpFE)
  4062 | D:5      | Found a transporter.
  4161 | D:5      | Reached skill level 10 in Unarmed Combat
  4375 | D:5      | Reached * piety under Cheibriados
  4822 | D:5      | Reached skill level 5 in Dodging
  5117 | D:6      | Learned a level 5 spell: Blade Hands
  5235 | D:6      | Upgraded the game from bcrawl-1.15.1-4-g77d781cab4 to
                  | bcrawl-1.17.1
  5238 | D:6      | Slain by an orc warrior

Skill      XL: |  1  2  3  4  5  6  7  8 |
---------------+-------------------------+-----
Dodging        | 2 5 |  5.3
Unarmed Combat | 4 5 6 7 9 10 | 10.0
Transmutations | 3 |  3.4
Fighting       | |  1.1
Stealth        | |  0.2
Spellcasting   | |  2.5

Action                   |  1- 3 |  4- 6 |  7- 9 || total
-------------------------+-------+-------+-------++-------
Melee: Unarmed           |    94 |   152 |   171 ||   417
       Tailslap          |     9 |    10 |     8 ||    27
       Headbutt          |     2 |       |     1 ||     3
       Punch             |     1 |     2 |     1 ||     4
       Kick              |       |     6 |     1 ||     7
 Cast: Beastly Appendage |     3 |     6 |     9 ||    18
       Spider Form       |     3 |    15 |    18 ||    36
       Slow              |       |     1 |       ||     1
       Sticks to Snakes  |       |     5 |     4 ||     9
Invok: Bend Time         |       |       |     1 ||     1
  Use: Potion            |       |     3 |     1 ||     4
       Scroll            |       |       |     2 ||     2
 Stab: Sleeping          |     1 |     1 |     1 ||     3
  Eat: Chunk             |       |    11 |    10 ||    21
Armor: Skin              |    24 |    30 |    30 ||    84
Dodge: Dodged            |    49 |    78 |   111 ||   238
